cohdb
Replays
Latest Replays
All Replays
Popular Replays
Top Player Replays
Match Explorer
How It Works
Community
CoH3 Stats
Reddit
Sign in to upload your games and track your stats! →
Sign in with Steam
Match 24175022
Unlisted
Match 24175022
Overview
Messages
Build Orders
End
Vickers Machine Gun Team
Construct Section Command Post
Dingo Light Scout Car
Infantry Section
Infantry Section
Infantry Section
Grenade Package
Construct Platoon Command Post
CMP 15cwt Truck
6-pounder Anti-tank Gun Team
Selects Heavy Armor Battlegroup
Selects Light Vehicle Withdraw and Refit
Selects Rigorous Vehicle Training
Light Vehicle Withdraw and Refit
Construct Company Command Post
Infantry Training
Matilda II Heavy Tank
Matilda II Heavy Tank
Selects Forward Repair Assembly
Selects Recon Artillery
Armored Vehicle Training
Recon Artillery
Foot Guards Section
Zlatan
kardsharp
Svenious Jakobus (GB)
iceman
insane
UH|ck
0
0
Comments
sign in to comment!
No comments posted yet!